groovejumper, chaotic female human Monk # ----- --------- --------- ----------- --%-- |...+##### ........| ||......| |....`....| ##).%.| |...| # ........| #........| ##...........######%|)%.| |...-#####+........-#################|.......-# # |.........| ####....| |...| # --.------######0##########---------#### --------|-- # |(..| -.-+ ################------+- ############################## ----- ##### |......| ### # ####### ##-......| #### # ---+---.- # |%......################@T######################## |........# ### |%.....|# ### -------.---# -----.- |.#.[.<.|### # |......|# # |........>|# |.....| |.......[########### --------# ###|......`..|# #.`....| |.......| ##################### #...........#####|.....| ----.+--- -----------#####-.^..0| # ------ groovejumper the Student of Stones Experience level: 11 Strength: 18 Dexterity: 16 Constitution: 16 Intelligence: 11 Wisdom: 14 Charisma: 12 Health: 0(72) Energy: 49(52) AC: 0 Gold: 1459 Moves: 17497 Your Inventory: Coins $ - 1459 gold pieces Amulets q - an uncursed amulet of reflection (being worn) Weapons U - 9 [uncursed] +0 throwing stars [shuriken] (in quiver) Armor a - an uncursed +2 pair of leather gloves (being worn) e - an uncursed +0 dwarvish iron helm (being worn) f - an uncursed +1 robe (being worn) O - an uncursed +0 pair of iron shoes of drain resistance (being worn) Comestibles A - 3 [uncursed] food rations Scrolls s - an [uncursed] scroll of teleportation Potions p - a [cursed] potion of healing Rings c - an uncursed ring of conflict y - a cursed ring of teleportation W - an uncursed ring of slow digestion (on right hand) Wands d - an uncursed wand of magic missile [0:4] C - an [uncursed] wand of light [0:13] Tools b - a blessed bag named holding [of holding] u - an uncursed [+0] unicorn horn w - an uncursed sack B - an uncursed blindfold Z - an uncursed key [skeleton key] Gems z - a blessed gray stone named luck [luckstone] Contents of the bag of holding named holding: 10061 gold pieces a blessed amulet of life saving an uncursed [+0] dagger 3 blessed [+2] thirsty bamboo arrows [ya] an [uncursed +1] piece of cloth [cloak of magic resistance] an uncursed [stale] egg 13 uncursed food rations 6 cursed food rations an uncursed fortune cookie an uncursed lizard corpse 2 cursed tins [of spinach] 2 uncursed scrolls called earth [of earth] a cursed scroll called earth [of earth] a [blessed] scroll labeled ANDOVA BEGARIN [of enchant armor] a cursed scroll labeled ETAOIN SHRDLU [of genocide] an [uncursed] scroll labeled ETAOIN SHRDLU [of genocide] an uncursed scroll labeled HAPAX LEGOMENON [of gold detection] an [uncursed] scroll labeled HZLRC KSTSBD MPFNG [of enchant weapon] an uncursed scroll labeled JUYED AWK YACC [of flood] an uncursed scroll labeled PRIRUTSENIE [of charging] a blessed scroll labeled TEMOV [of confuse monster] an [uncursed] scroll labeled TEMOV [of confuse monster] an [uncursed] scroll labeled XIXAXA XOXAXA XUXAXA [of light] an uncursed scroll labeled YUM YUM [of destroy armor] an [uncursed] scroll of create monster a blessed scroll of fire a blessed scroll of teleportation 2 blessed unlabeled scrolls [of blank paper] 2 uncursed unlabeled scrolls [of blank paper] an [uncursed] spellbook of force bolt an [uncursed] amber potion [of enlightenment] an uncursed brown potion [of see invisible] a cursed bubbly potion [of booze] an [uncursed] bubbly potion [of booze] an uncursed fizzy potion [of restore ability] an uncursed indigo potion [of gain energy] 5 blessed potions called water [of holy water] a blessed potion of extra healing an uncursed potion of extra healing an uncursed potion of full healing 7 uncursed potions of healing 2 uncursed potions of speed 2 uncursed yellow potions [of monster detection] a cursed [-1] black onyx ring [of gain constitution] a blessed [+3] moonstone ring [of gain intelligence] an [uncursed] ring of conflict an uncursed -1 ring of gain strength a cursed ring of hunger an uncursed +1 ring of increase accuracy an uncursed ring of levitation an uncursed ring of poison resistance a cursed ring of poison resistance a cursed ring of polymorph control an uncursed ring of sustain ability an uncursed twisted ring [of stealth] an [uncursed] wire ring [of teleport control] an uncursed wand of magic missile [0:7] an uncursed wand of speed monster [0:7] a cursed wand of speed monster [0:6] an uncursed wand of striking [0:5] a cursed wand of striking [0:0] an uncursed can of grease [0:22] a cursed expensive camera [0:40] an uncursed key [skeleton key] an uncursed leash an uncursed leash an uncursed leash an uncursed magic marker [0:78] an uncursed [+0] pick-axe an uncursed tin opener an [uncursed] tin opener an [uncursed] tin opener an uncursed towel an uncursed [tin] whistle an uncursed gray stone named luck or flint [flint] 2 uncursed green gems [emerald] an uncursed red gem [ruby] 2 uncursed violet gems [worthless glass] 2 uncursed white gems [worthless glass] Contents of the sack: an uncursed bone wand [of polymorph (0:5)] an uncursed brass wand [of probing (0:4)] an uncursed ceramic wand [of cancellation (0:5)] an [uncursed] ceramic wand [of cancellation (0:8)] an uncursed ebony wand [of locking (0:5)] an uncursed nickel wand [of teleportation (0:4)] an uncursed nickel wand [of teleportation (0:7)] Spells known in the end: Name Level Category Fail Memory a - sleep 1 enchantment 0% [||......] b - restore ability 4 healing 54% [||||||..] c - healing 1 healing 0% [||||||..] d - force bolt 1 attack 0% [||||||||] Your skills at the end: Fighting Skills martial arts [Master / Grand Master] Weapon Skills Spellcasting Skills healing spells [Basic / Expert] Final Attributes: You were the Glory of Arioch. You were piously aligned. Hunger level was 875. Your alignment was 96 / 97. Monster difficulty range was 2 - 13. Level difficulty was 15. You were immune to fire. You resisted cold. You were immune to sleep. You resisted electricity. You were immune to poison. You were immune to level-drain. You saw invisible. You were telepathic. You were warned. You had automatic searching. You were stealthy. You had slower digestion. You were fast. You had reflection. You were extremely lucky (13). You had extra luck. Good luck did not time out for you. You are dead. Vanquished creatures: 3 ghosts 2 giant mimics an ogre king 2 large mimics a stalker 2 small mimics a rodent of unusual size a xan 2 quantum mechanics a sasquatch a wood golem a freezing sphere a flaming sphere 2 shocking spheres a large cat 2 tigers a gargoyle a dwarf king 2 tengu a human mummy a pit viper 6 giant beetles a quivering blob 3 cockatrices 7 wolves 15 leprechauns an orc-captain a giant spider an ice vortex 2 black lights a forest centaur 2 gnome kings an orc mummy 2 dwarf mummies a brown pudding 4 rust monsters an owlbear a werewolf 3 lizards 3 chickatrices 2 dingos a housecat a jaguar 3 blue jellies a gray unicorn a dust vortex 2 ravens 2 plains centaurs 2 human zombies a rope golem a Woodland-elf 5 soldier ants a fire ant 3 bugbears 5 wood nymphs 4 water nymphs a mountain nymph 7 Uruk-hai 2 rock piercers 3 enormous rats 4 rock moles 2 ponies a fog cloud 2 yellow lights 4 shriekers 3 violet fungi 16 gnome lords 3 gnomish wizards a golden naga hatchling a barrow wight a straw golem 2 paper golems 2 wax golems 7 giant ants 3 little dogs 5 floating eyes a kitten 17 dwarves a homunculus 2 kobold lords 26 hill orcs 5 rothes a rabid rat a giant bat a monkey 9 orc zombies a wererat 3 iguanas 6 acid blobs 2 coyotes 2 gas spores 10 hobbits 12 manes 3 large kobolds 8 hobgoblins 8 giant rats 8 cave spiders 3 brown molds 2 yellow molds 3 green molds 2 red molds 79 gnomes 14 garter snakes 4 gnome zombies 10 geckos 16 jackals 2 foxes 4 kobolds 4 goblins 8 sewer rats 7 grid bugs 4 bats 17 lichens 9 kobold zombies 13 newts 519 creatures vanquished. Voluntary challenges: You pretended to be a vegetarian. You used a wielded weapon 6 times. You read items or engraved 32 times. You put on armor 11 times. You never genocided any monsters. You never polymorphed an object. You never changed form. You used no wishes. You wrote Elbereth's name 14 times. You encountered 1 bones level. You never used any Sokoban shortcuts. Dungeon overview: The Dungeons of Doom: levels 1 to 15 Level 1 an altar to Huan Ti a long staircase Level 2 an altar to Huan Ti stairs to The Gnomish Mines Level 3 a tin shop, a fountain Level 5 many fountains Level 6 a fountain, a sink stairs to Sokoban Level 7 stairs to Town Level 8 an altar to Huan Ti Level 9 a fountain Level 10 some fountains, a sink, some trees Level 11 many fountains a magic portal Level 12 some sinks, a throne Level 14 a fountain Level 15 <- You were here a sink, a throne The Gnomish Mines: levels 3 to 10 Level 3 stairs to The Dungeons of Doom Level 6 (Home Base) many shops, a temple to Huan Ti, a magic chest, some fountains Sokoban: levels 3 to 5 Level 5 a magic chest stairs to The Dungeons of Doom Town: Level 6 stairs to The Dungeons of Doom History has recorded: On T:1 you entered the Dungeons of Doom to retrieve the Amulet of Yendor! On T:455 you advanced to experience level 2. On T:1148 you reached level 2 of The Dungeons of Doom. On T:1180 you advanced to experience level 3. On T:1206 you received a rustproof long sword of reflection from Huan Ti. On T:1797 you advanced to experience level 4. On T:3064 you advanced to experience level 5. On T:3565 you received Luck Blade from Huan Ti. On T:4343 you advanced to experience level 6. On T:4850 you received 6 thirsty bamboo arrows from Huan Ti. On T:5232 you reached level 3 of The Dungeons of Doom. On T:5454 you reached level 4 of The Dungeons of Doom. On T:5683 you reached level 5 of The Dungeons of Doom. On T:5693 you advanced to experience level 7. On T:5978 you reached level 6 of The Dungeons of Doom. On T:6225 you reached level 3 of Sokoban. On T:6722 you advanced to experience level 8. On T:6746 you reached level 2 of Sokoban. On T:7526 you reached level 1 of Sokoban. On T:9301 you advanced to experience level 9. On T:9363 you reached level 7 of The Dungeons of Doom. On T:9378 you reached level 3 of Town. On T:10003 you reached level 8 of The Dungeons of Doom. On T:10029 you received a rustproof crude dagger of reflection from Huan Ti. On T:10559 you reached level 9 of The Dungeons of Doom. On T:10843 you were chosen to steal souls for your god's glory! On T:11098 you received advice from The Oracle. On T:11310 you reached level 1 of The Gnomish Mines. On T:11384 you reached level 2 of The Gnomish Mines. On T:11437 you advanced to experience level 10. On T:11852 you reached level 3 of The Gnomish Mines. On T:12089 you reached level 4 of The Gnomish Mines. On T:12901 you reached level 5 of The Gnomish Mines. On T:13001 you reached level 6 of The Gnomish Mines. On T:13252 you reached level 7 of The Gnomish Mines. On T:13556 you reached level 8 of The Gnomish Mines. On T:14453 you advanced to experience level 11. On T:15001 you reached level 10 of The Dungeons of Doom. On T:15322 you reached level 11 of The Dungeons of Doom. On T:15652 you reached level 12 of The Dungeons of Doom. On T:16079 you reached level 13 of The Dungeons of Doom. On T:16465 you reached level 14 of The Dungeons of Doom. On T:17065 you reached level 15 of The Dungeons of Doom. Latest messages: You find a rolling boulder trap. $ - 161 gold pieces. You are hit by a crossbow bolt! [HP-5=67] [HP+2=69] The troll wields a broad pick! You hit the troll! (2x) The troll swings her broad pick. The troll hits! (2x) The troll bites! [HP-18=51] You hit the troll! The troll swings her broad pick. The troll hits! (2x) The troll bites! [HP-34=17] You write "Elbereth" with your fingers into the dust. The throwing star hits the troll. The troll swings her broad pick. The troll hits! (2x) You die... Final status: Punardarsanaya groovejumper the Monk... You died in The Dungeons of Doom on dungeon level 15 with 29146 points, and 11520 pieces of gold, after 17497 moves. You were level 11 with a maximum of 72 hit points when you died.